 Dungeon Crawl Stone Soup version 0.27-a0-1188-g73eefd5def (webtiles) character file.

Game seed: 15105303035766266299

93 Glokmah the Chopper (level 4, -1/37 HPs)
             Began as a Demonspawn Monk on May 22, 2021.
             Slain by a goblin
             ... wielding a +2 dagger of electrocution
             ... led by Robin
              (4 damage)
             ... on level 2 of the Dungeon.
             The game lasted 00:03:09 (2438 turns).

Glokmah the Chopper (Demonspawn Monk)               Turns: 2438, Time: 00:03:10

Health: -1/37      AC:  6    Str: 12    XL:     4   Next: 37%
Magic:  4/4        EV:  9    Int: 11    God:
Gold:   32         SH:  0    Dex: 16    Spells: 3/3 levels left

rFire    . . .     SeeInvis .   a - +0 hand axe
rCold    . . .     Faith    .   (no shield)
rNeg     . . .     Spirit   .   j - +0 scale mail
rPois    .         Reflect  .   (no helmet)
rElec    .         Harm     .   (no cloak)
rCorr    .         Rampage  .   (no gloves)
Will     +....                  (no boots)
Stlth    +.........             (no amulet)
HPRegen  0.12/turn              d - ring of willpower
MPRegen  0.09/turn              (no ring)

@: invisible
A: claws 1, ignite blood 1
a: no special abilities


You were on level 2 of the Dungeon.
You visited 1 branch of the dungeon, and saw 2 of its levels.

You collected 32 gold pieces.

Inventory:

Hand Weapons
 a - a +0 hand axe (weapon)
Armour
 j - a +0 scale mail (worn)
 k - a +0 kite shield
Jewellery
 d - a ring of willpower (left claw)
Scrolls
 e - a scroll of amnesia {unknown}
 f - 2 scrolls of identify {unknown}
 h - a scroll of noise {unknown}
 l - a scroll of magic mapping {unknown}
Potions
 b - a potion of flight {unknown}
 g - a potion of might {unknown}
 i - a potion of cancellation {unknown}


   Skills:
 + Level 3.8 Fighting
 * Level 4.2 Axes
 - Level 2.6 Dodging
 - Level 1.7 Stealth


You had 3 spell levels left.
You didn't know any spells.
Your spell library was empty.

Dungeon Overview and Level Annotations

Branches:
Dungeon (2/15)

Altars:

Shops:
D:1 (

Annotations:
D:2 Robin


Innate Abilities, Weirdness & Mutations

You have sharp fingernails.
Your demonic aura sometimes causes spilled blood to erupt in flames.


Message History

You kill the goblin!
You barely miss the goblin.
A goblin comes into view. It is wielding a +0 dagger.
The goblin misses you.
You hit the hobgoblin.
The hobgoblin is lightly wounded.
You closely miss the goblin. The hobgoblin closely misses you.
Robin roars a battlecry!
The goblins go into a battle-frenzy!
The goblin hits you but does no damage.
You are electrocuted!
You closely miss the hobgoblin.
The hobgoblin is lightly wounded.
You closely miss the goblin. The hobgoblin closely misses you.
The goblin barely misses you.
Unknown command.
You barely miss the hobgoblin.
The hobgoblin is lightly wounded.
You hit the goblin.
Robin says, "A pitiful Demonspawn like you will never find the ORB!"
Robin roars a battlecry!
A hobgoblin comes into view.
The hobgoblin barely misses you.
The goblin hits you with a +2 dagger of electrocution.
You are electrocuted!!
Ouch! That really hurt!
* * * LOW HITPOINT WARNING * * *
The hobgoblin shouts!
You hear a shout!
You hit the hobgoblin but do no damage.
The hobgoblin is lightly wounded.
You barely miss the goblin. The hobgoblin barely misses you.
The goblin hits you with a +2 dagger of electrocution.
* * * LOW HITPOINT WARNING * * *
Unknown command.
Okay, then.
It was a potion of invisibility.
You fade into invisibility!
The hobgoblin hits you.
* * * LOW HITPOINT WARNING * * *
The goblin hits you with a +2 dagger of electrocution.
You die...

#.# . #.# . #.# . #.# .
#.####. #.)<... #......
########## #####.#
.g.gggg@.###########....
########g.....>.........
#########..8.8..#
##.._...# #.8.8.##
#.....# #######


You could see Robin, 2 hobgoblins and 3 goblins.

Vanquished Creatures
  Terence (D:2)
  An adder (D:2)
  4 dart slugs
  5 bats (D:1)
  3 endoplasms
  5 giant cockroaches
  6 goblins
  3 hobgoblins
  4 jackals (D:1)
  3 quokkas (D:2)
  5 ball pythons
  2 frilled lizards
  3 kobolds (D:1)
  A rat (D:1)
46 creatures vanquished.

Notes
Turn   | Place    | Note
-------+----------+-------------------------------------------
     0 | D:1      | Glokmah the Demonspawn Monk began the quest for the Orb.
     0 | D:1      | Reached XP level 1. HP: 18/18 MP: 1/1
   303 | D:1      | Reached skill level 3 in Axes
   373 | D:1      | Gained mutation: Your demonic aura sometimes causes spilled
                  | blood to erupt in flames. [demonic ancestry]
   373 | D:1      | Reached XP level 2. HP: 21/24 MP: 2/2
   498 | D:1      | Found Gosuhay's Antique Weapon Shop.
  1097 | D:1      | Gained mutation: You have sharp fingernails. [demonic
                  | ancestry]
  1097 | D:1      | Reached XP level 3. HP: 29/29 MP: 3/3
  1884 | D:2      | Noticed Terence
  1887 | D:2      | Killed Terence
  2064 | D:2      | Reached skill level 4 in Axes
  2064 | D:2      | Reached XP level 4. HP: 31/37 MP: 4/4
  2406 | D:2      | Found a faded altar of an unknown god.
  2431 | D:2      | Noticed Robin
  2438 | D:2      | Slain by a goblin

Illustrated notes

Levels and vault maps discovered:
D:1:      dpeg_arrival_tiny_h, layout_basic, serial_shops, shop
D:2:      layout_loops_ring, chequers_ecumenical_altar_simple,
          chequers_serial_rivers_room_b, uniq_terence, uniq_crazy_yiuf_cottage,
          uniq_robin, uniq_jessica

Skill      XL: |  1  2  3 |
---------------+----------+-----
Axes           | 3 4 |  4.2
Fighting       | |  3.8
Dodging        | |  2.6
Stealth        | |  1.7

Action                   |  1- 3 |  4- 6 || total
-------------------------+-------+-------++-------
Melee: Hand axe          |   125 |    43 ||   168
  Use: Potion            |       |     1 ||     1
 Stab: Sleeping          |     5 |       ||     5
Armor: Robe              |    33 |       ||    33
       Scale mail        |     1 |    19 ||    20
Dodge: Dodged            |    97 |    22 ||   119

Table legend: (Time is in decaauts)
 A = Elapsed time spent in this place.
 B = Non-inter-level travel time spent in this place.
 C = Inter-level travel time spent in this place.
 D = Time resting spent in this place.
 E = Time spent auto-exploring this place.
 F = Levels seen in this place.
 G = Mean time per level.
                   A        B        C        D        E       F      G
               +--------+--------+--------+--------+--------+-----+--------+
         Total |   2458 |   2355 |    103 |    355 |   1548 |   2 | 1229.0 |
       Dungeon |   2458 |   2355 |    103 |    355 |   1548 |   2 | 1229.0 |
               +--------+--------+--------+--------+--------+-----+--------+

Top non-repeatable levels by time:
     D:1: 2032 daAuts
     D:2: 426 daAuts
